 Dungeon Crawl Stone Soup version 0.29.1-12-g30fa7ad0bf (webtiles) character file.

Game seed: 17987908315990661055

385139 xzight the Warrior (level 21, 0/218 (230) HPs)
             Began as a Troll Fighter on Dec 27, 2022.
             Was the Champion of Okawaru.
             Slain by a vampire knight
             ... wielding a +0 great sword of pain
              (9 damage)
             ... on level 4 of the Depths.
             The game lasted 02:13:29 (47147 turns).

xzight the Warrior (Troll Fighter)                 Turns: 47147, Time: 02:13:30

HP:   0/218 (230)   AC: 40    Str: 42    XL:     21   Next: 98%
MP:   27/27         EV:  5    Int: 12    God:    Okawaru [******]
Gold: 3868          SH: 22    Dex:  9    Spells: 20/20 levels left

rFire   + . .      SeeInvis .     - Unarmed
rCold   + . .      Faith    .   h - +0 tower shield
rNeg    . . .      Spirit   .   d - +12 gold dragon scales
rPois   +          Reflect  +   u - +1 hat "Ydaxt" {Will+}
rElec   +          Harm     .   U - +0 cloak "Utsuaz" {Regen+ Str+4}
rCorr   .          Rampage  .   (gloves unavailable)
Will    ++...                   (boots unavailable)
Stlth   ..........              D - amulet of Jootoes {Reflect rElec rPois Int+4 SH+5}
HPRegen 2.06/turn               Y - +4 ring of slaying
MPRegen 0.20/turn               A - ring "Zuigh" {AC+4 Int+4, =R}

@: drained
A: large, unfitting armour, claws 3, regeneration 1, shaggy fur 1, tough skin 1
}: 2/15 runes: decaying, gossamer
a: Renounce Religion, Heroism, Finesse, Duel


You were on level 4 of the Depths.
You worshipped Okawaru.
Okawaru was exalted by your worship.
You visited 8 branches of the dungeon, and saw 39 of its levels.
You visited the Abyss 1 time.
You also visited: Ice Cave.

You collected 4929 gold pieces.
You spent 1061 gold pieces at shops.


Innate Abilities, Weirdness & Mutations

You are too large for most types of armour.
You have claws for hands.
Your natural rate of healing is unusually fast.
You are covered in fur. (AC +1)
You have tough skin. (AC +1)


   Skills:
 - Level 18.0 Fighting
 + Level 17.9 Throwing
 - Level 15.0 Armour
 - Level 2.4 Dodging
 - Level 0.1 Stealth
 - Level 15.0 Shields
 - Level 15.0 Unarmed Combat
 - Level 10.0 Invocations
 - Level 4.0 Evocations


You had 20 spell levels left.
You didn't know any spells.
Your spell library contained the following spells:

 Spells                   Type           Power      Damage    Failure   Level
 Apportation              Tloc           0%         N/A       100%        1
 Beastly Appendage        Tmut           0%         N/A       100%        1
 Freeze                   Ice            0%         1d3       100%        1
 Magic Dart               Conj           0%         1d3       100%        1
 Slow                     Hex            0%         N/A       100%        1
 Sting                    Tmut/Pois      0%         1d3       100%        1
 Poisonous Vapours        Pois/Air       0%         N/A       100%        2
 Searing Ray              Conj           0%         2d4       100%        2
 Static Discharge         Conj/Air       0%         3-3/arc   100%        2
 Wereblood                Tmut           0%         N/A       100%        2
 Frozen Ramparts          Ice            0%         1d1       100%        3
 Gell's Gravitas          Tloc           0%         N/A       100%        3
 Ignite Poison            Fire/Tmut/Pois 0%         N/A       100%        3
 Lesser Beckoning         Tloc           0%         N/A       100%        3
 Mephitic Cloud           Conj/Pois/Air  0%         N/A       100%        3
 Portal Projectile        Hex/Tloc       0%         N/A       100%        3
 Spider Form              Tmut/Pois      0%         N/A       100%        3
 Stone Arrow              Conj/Erth      0%         3d7       100%        3
 Teleport Other           Tloc           0%         N/A       100%        3
 Cause Fear               Hex            0%         N/A       100%        4
 Corpse Rot               Necr/Pois/Air  0%         N/A       100%        4
 Dispel Undead            Necr           0%         3d6       100%        4
 Fulminant Prism          Conj/Hex       0%         3d6       100%        4
 Hailstorm                Conj/Ice       0%         3d3       100%        4
 Olgreb's Toxic Radiance  Pois           0%         N/A       100%        4
 Passage of Golubria      Tloc           0%         N/A       100%        4
 Sticky Flame             Conj/Fire      0%         2d3       100%        4
 Alistair's Intoxication  Tmut/Pois      0%         N/A       100%        5
 Blade Hands              Tmut           0%         N/A       100%        5
 Borgnjor's Vile Clutch   Necr/Erth      0%         N/A       100%        5
 Fireball                 Conj/Fire      0%         3d3       100%        5
 Lightning Bolt           Conj/Air       0%         1d11      100%        5
 Yara's Violent Unravell  Hex/Tmut       0%         3d3       100%        5
 Dispersal                Tloc           0%         N/A       100%        6
 Eringya's Noxious Bog    Tmut/Pois      0%         N/A       100%        6
 Starburst                Conj/Fire      0%         6d3       100%        6
 Orb of Destruction       Conj           0%         9d5       100%        7
 Borgnjor's Revivificati  Necr           0%         N/A       100%        8
 Ignition                 Fire           0%         3d3       100%        8
 Lehudib's Crystal Spear  Conj/Erth      0%         10d2      100%        8
 Maxwell's Capacitive Co  Air            0%         ∞         100%        8
 Necromutation            Tmut/Necr      0%         N/A       100%        8
 Death's Door             Necr           0%         N/A       100%        9
 Summon Guardian Golem    Hex/Summ       Unusable   N/A       N/A         3
 Tukima's Dance           Hex            Unusable   N/A       N/A         3
 Summon Forest            Summ/Tloc      Unusable   N/A       N/A         5
 Summon Mana Viper        Hex/Summ       Unusable   N/A       N/A         5
 Death Channel            Necr           Unusable   N/A       N/A         6
 Spellforged Servitor     Conj/Summ      Unusable   N/A       N/A         7

Inventory:

Missiles
 a - 3 javelins
 i - 62 large rocks (quivered) {=f}
 H - a throwing net {=f}
Armour
 d - +12 gold dragon scales (worn)
 h - a +0 tower shield (worn)
 u - the +1 hat "Ydaxt" (worn) {Will+}
   (Okawaru gifted it to you in an ice cave)

   Will:      It increases your willpower.
 O - a +2 hat of see invisible
 R - the +4 storm dragon scales "Muhaucs" {rElec rC+ Int+4 Dex+6}
   (Okawaru gifted it to you on level 2 of the Orcish Mines)

   Int:       It affects your intelligence (+4).
   Dex:       It affects your dexterity (+6).
   rC:        It protects you from cold.
   rElec:     It insulates you from electricity.
 U - the +0 cloak "Utsuaz" (worn) {Regen+ Str+4}
   (Okawaru gifted it to you on level 1 of the Vaults)

   Str:       It affects your strength (+4).
   Regen:     It increases your rate of health regeneration.
Jewellery
 e - a +4 ring of evasion
 f - a ring of protection from fire
 n - a ring of positive energy
 t - a +4 ring of protection
 A - the ring "Zuigh" (right claw) {AC+4 Int+4, =R}
   (You found it on level 6 of the Dungeon)

   [ring of protection]

   AC:        It affects your AC (+4).
   Int:       It affects your intelligence (+4).
 C - a ring of protection from cold
 D - the amulet of Jootoes (around neck) {Reflect rElec rPois Int+4 SH+5}
   (You found it in an ice cave)

   [amulet of reflection]

   It reflects blocked missile attacks.
   Int:       It affects your intelligence (+4).
   rElec:     It insulates you from electricity.
   rPois:     It protects you from poison.
   SH:        It affects your SH (+5).
 L - a ring of flight
 T - the ring "Disoaff" {Will+ rCorr Int+3}
   (You bought it in a shop on level 1 of the Depths)

   [ring of willpower]

   Int:       It affects your intelligence (+3).
   rCorr:     It protects you from acid and corrosion.
   Will:      It increases your willpower.
 Y - a +4 ring of slaying (left claw)
Wands
 q - a wand of paralysis (22)
 w - a wand of digging (27)
 E - a wand of mindburst (8)
 J - a wand of light (27)
 M - a wand of flame (71)
 W - a wand of iceblast (26)
 Z - a wand of polymorph (18)
Scrolls
 g - 4 scrolls of fog
 j - 3 scrolls of teleportation {@r2}
 k - 6 scrolls of enchant weapon
 m - 5 scrolls of blinking
 y - 11 scrolls of fear
 B - 10 scrolls of poison
 F - a scroll of silence {!r}
 I - 4 scrolls of magic mapping
 Q - 7 scrolls of immolation
Potions
 b - 8 potions of lignification
 c - 7 potions of might
 l - 17 potions of curing {@q1}
 o - 16 potions of mutation
 p - 4 potions of resistance
 r - 9 potions of brilliance
 s - 4 potions of invisibility
 v - 6 potions of berserk rage {!q}
 z - 7 potions of flight
 G - 2 potions of magic
 K - 8 potions of ambrosia
 N - 10 potions of haste {@q3}
 S - 3 potions of cancellation
 V - 4 potions of heal wounds {@q2}

Dungeon Overview and Level Annotations

Branches:
Dungeon (15/15)            Temple (1/1) D:4            Lair (5/5) D:8
  Swamp (4/4) Lair:3       Spider (4/4) Lair:3        Slime (0/5) Lair:5
    Orc (2/2) D:12            Elf (0/3) Orc:2        Vaults (4/5) D:14
  Crypt (0/3) Vaults:2     Depths (4/4) D:15          IceCv (visited)
    Zot: Depths:4

Altars:
Ashenzari
Cheibriados
Dithmenos
Elyvilon
Fedhas
Gozag
Hepliaklqana
Kikubaaqudgha
Makhleb
Nemelex Xobeh
Okawaru
Qazlal
Ru
Sif Muna
Trog
Uskayaw
Vehumet
Wu Jian
Xom
Yredelemnul
Zin
The Shining One
Jiyva
Lugonu

Shops:
D:1 [   D:3 :*   D:11 (   D:12 =   D:15 [   Orc:2 ???*   Vaults:1 ?
Vaults:4 (   Depths:1 [=[

Portals:
Hell: Depths:1 Depths:2 Depths:3 Depths:4
Abyss: Lair:5 Depths:1 Depths:2 Depths:3
Pandemonium: Depths:2
Ziggurat: Depths:2
Trove: D:11 (give 2 scrolls of acquirement)

Annotations:
D:2 1 runed translucent door, Crazy Yiuf
D:10 3 runed translucent doors, soggyman666's ghost, journeyman DjFE
Spider:4 2 transporters, croobank's ghost, adept DsCj
Vaults:2 3 runed translucent doors, Jingleheimer's ghost, adept DsFi
Vaults:4 3 runed translucent doors, rgbqcd's ghost, veteran MiBe

§§§§≈§§∩##
...≈≈≈≈..#
≈..≈§≈§..#
≈≈..§§..##
≈§≈......##
≈§§.......######
.§.......##.##.##
..§.....###.....###
...#............@.#
...........).....##
.≈≈≈≈..≈......#.##
..≈≈.;)≈≈.....###
......≈.≈....##
....≈§≈.§;..##
..§§≈.≈...###
..§≈§....##
#.§§§...##


You could see a walking crystal tome.


Message History

The walking crystal tome is lightly damaged.
The living spell casts itself at you. The crystal spear hits you!!!
* * * LOW HITPOINT WARNING * * *
Something hits you!
* * * LOW HITPOINT WARNING * * *
You writhe in agony!
* * * LOW HITPOINT WARNING * * *
You block something's attack.
Blink to where?
Press: ? - help, Dir - move target
As you read the scroll of blinking, it crumbles to dust.
Something hits you but does no damage.
You writhe in agony.
* * * LOW HITPOINT WARNING * * *
Something bites you but does no damage. Something hits you.
* * * LOW HITPOINT WARNING * * *
You writhe in agony.
* * * LOW HITPOINT WARNING * * *
You block something's attack. Something hits you.
* * * LOW HITPOINT WARNING * * *
You writhe in agony.
* * * LOW HITPOINT WARNING * * *
Something bites you!
* * * LOW HITPOINT WARNING * * *
Something draws strength from your injuries!
There is a stone staircase leading up here.
Something hits you!
You die...

Skill      XL: |  1  2  3  4  5  6  7  8  9 10 11 12 13 14 15 16 17 18 19 20 21 |
---------------+----------------------------------------------------------------+-----
Unarmed Combat | 3 4 5 6 7 10 12 15 | 15.0
Fighting       | 3 4 7 8 10 11 12 13 14 15 17 18 | 18.0
Shields        | 3 4 8 10 11 12 14 15 | 15.0
Invocations    | 3 7 10 | 10.0
Throwing       | 2 5 6 8 10 11 12 14 15 17 | 17.9
Armour         | 2 9 10 11 12 13 15 | 15.0
Evocations     | 4 |  4.0
Dodging        | |  2.4
Stealth        | |  0.1

Action                   |  1- 3 |  4- 6 |  7- 9 | 10-12 | 13-15 | 16-18 | 19-21 || total
-------------------------+-------+-------+-------+-------+-------+-------+-------++-------
Melee: Unarmed           |   108 |   118 |   203 |   683 |  1399 |  1659 |  1504 ||  5674
Throw: Javelin           |       |       |       |     6 |    14 |       |       ||    20
       Throwing net      |       |       |       |     1 |       |       |       ||     1
       Large rock        |       |       |       |       |    46 |   121 |   182 ||   349
Invok: Heroism           |       |       |     4 |     5 |    19 |    18 |    34 ||    80
       Finesse           |       |       |       |     2 |     4 |     6 |    12 ||    24
Evoke: Wand              |       |       |     4 |    10 |    14 |       |       ||    28
  Use: Scroll            |       |     3 |     7 |     8 |    10 |     7 |    19 ||    54
       Potion            |       |       |       |       |       |     3 |     3 ||     6
 Stab: Held in net/web   |       |       |       |       |       |     1 |       ||     1
Armor: Robe              |    37 |    35 |    52 |       |       |       |       ||   124
       Steam dragon scal |       |       |     7 |   167 |       |       |       ||   174
       Troll leather arm |       |       |       |   135 |   409 |       |       ||   544
       Storm dragon scal |       |       |       |       |   214 |  1225 |   621 ||  2060
       Gold dragon scale |       |       |       |       |       |       |    25 ||    25
Dodge: Dodged            |    49 |    42 |    42 |   223 |   371 |   393 |   273 ||  1393
Block: Kite shield       |    43 |    59 |    60 |   212 |   660 |   323 |       ||  1357
       Reflection        |       |       |       |       |    14 |    50 |    89 ||   153
       Tower shield      |       |       |       |       |       |  1687 |  1533 ||  3220

Levels and vault maps discovered:
D:1:      nzn_arrival_water_spiral, layout_basic, serial_shops,
          nicolae_diamond_shop
D:2:      layout_basic, ebering_ecumenical_altar_abandoned,
          dreamdust_wishing_well, uniq_crazy_yiuf_cottage
D:3:      minmay_spotlight, layout_loops_corners, nicolae_sif_muna_condensation,
          general_overflow_altar, serial_shops, nicolae_shop_stone,
          nicolae_shop_hallway_plus, minmay_crystal_water,
          reono_crystal_passage, amethyst_killhole
D:4:      layout_cave_pools, grunt_qazlal_clouds, temple_hall,
          kennysheep_generic_room_4
D:5:      layout_gridville, uniq_prince_ribbit1
D:6:      layout_basic, lemuel_zombie_altar_yredelemnul,
          grunt_temple_overflow_diamond, uniq_blork_the_orc, uniq_grinder
D:7:      layout_loops_cross, enter_bailey_4, minmay_statues_item,
          minmay_fountain_box, minmay_misc_feat_enclosed,
          kennysheep_generic_room_7
D:8:      minmay_slanted_spiral_squares, layout_layer_cave,
          makhleb_grotto_becter, david_lair_generic, hangedman_minor_gate_pass
D:9:      layout_roguey, overflow_temple_1_default, minmay_misc_feat_hallway
D:10:     layout_basic, gammafunk_ghost_ooze
D:11:     layout_cave_pools, nicolae_trove_entry_crossroad, serial_shops,
          kennysheep_little_box, statue_in_the_mist_lemuel, grunt_ogre_cave,
          kennysheep_generic_room_13
D:12:     layout_long_grid, hiddenorc2_lemuel, serial_shops,
          nicolae_shop_hallway_stairs
D:13:     layout_loops_corners, hellmonk_guarded_unrand_damnation
D:14:     layout_loops_ring, grunt_vaults_entry_tiered,
          portal_ice_cave_entry_pillars_three, serial_park_square3
          [serial_park_minivault_5x5_6], uniq_rupert
D:15:     hangedman_depths_entry_try_elsewhere_first, layout_basic,
          serial_shops, nicolae_shop_hallway_plus
Temple:   oiseaux_autumnal_temple
Lair:1:   wad_woods_structure_01, layout_big_grid, uniq_nergalle
Lair:2:   layout_regular_city
Lair:3:   layout_regular_city, minmay_swamp_entry_worms,
          spider_nest_entry_rubble, cheibrodos_lair_reptile_den
Lair:4:   layout_concentric_octagons, special_room [special_room_bee],
          nzn_sisyphean_effort, lemuel_fruit_fields, grunt_megastairs_4,
          lemuel_fruit_tree
Lair:5:   hellmonk_lair_end_abyssal_woods, layout_big_grid, slime_entry_1,
          uniq_josephine
Swamp:1:  layout_basic_swamp, evilmike_swamp_ruin_house_2, swamp_pool3,
          infiniplex_staircase_pool
Swamp:2:  layout_basic_swamp, evilmike_swamp_ruin_house_5
Swamp:3:  layout_falls_marsh, evilmike_swamp_ruin_rubble_2
Swamp:4:  grunt_swamp_rune_castle, layout_basic_swamp, swamp_pool3, uniq_nikola
Spider:1: layout_spider_delve, uniq_louise, uniq_mlioglotl
Spider:2: layout_spider_delve, uniq_arachne
Spider:3: nicolae_spider_hilbert_zone_3 [nicolae_spider_hilbert_4_sides_2_open,
          nicolae_spider_hilbert_3_sides_1_open,
          nicolae_spider_hilbert_3_sides_1_open,
          nicolae_spider_hilbert_3_sides_1_open,
          nicolae_spider_hilbert_3_sides_1_open,
          nicolae_spider_hilbert_4_sides_1_open,
          nicolae_spider_hilbert_4_sides_1_open,
          nicolae_spider_hilbert_4_sides_1_open,
          nicolae_spider_hilbert_4_sides_1_open,
          nicolae_spider_hilbert_4_sides_1_open,
          nicolae_spider_hilbert_4_sides_1_open,
          nicolae_spider_hilbert_4_sides_1_open,
          nicolae_spider_hilbert_4_sides_1_open,
          nicolae_spider_hilbert_3_sides_1_open,
          nicolae_spider_hilbert_3_sides_1_open,
          nicolae_spider_hilbert_3_sides_1_open,
          nicolae_spider_hilbert_3_sides_1_open]
Spider:4: spider_rune_water, gammafunk_ghost_arena, nicolae_spider_bzzzt
Orc:1:    layout_caves, uniq_jorgrun
Orc:2:    st_orc_ogre_mass, layout_caves, nicolae_orc_stony_grotto
Vaults:1: nicolae_vaults_shelves_hall, st_hourglassy, nicolae_vaults_rhombus_5,
          nicolae_vaults_gold_heap, ontoclasm_vaults_shuriken, v_misc_23,
          nicolae_vaults_alarming, vaults_dpeg_ring,
          nicolae_vaults_shelves_hall, vaults_mumra_minichess,
          layout_vaults_omnigrid, serial_shops, nicolae_shop_hallway_stairs
Vaults:2: gammafunk_ghost_spectres, nicolae_vaults_ninety_degrees,
          minmay_crypt_entry_simple_sparse, ontoclasm_vaults_pinch,
          nicolae_vaults_ring_of_whatevers, v_alt_pattern_3,
          vaults_dpeg_diagonal, vaults_dpeg_emergency_exit,
          layout_vaults_chaotic_city, uniq_boris
Vaults:3: hangedman_vaults_unwind, st_octagons_1,
          nicolae_vaults_mini_display_case, vaults_room_pools,
          nicolae_vaults_little_ls, nicolae_vaults_asterisk,
          hangedman_vaults_restitches, nicolae_vaults_twisting_passages,
          nicolae_vaults_border_crossing, layout_vaults_ring, uniq_frederick,
          uniq_saint_roka
Vaults:4: gammafunk_ghost_tricky_traps, nicolae_vaults_good_morning_starshine,
          vaults_dpeg_encased_lava, nicolae_vaults_diagonal_hallway_8,
          v_misc_27, grunt_vaults_swirl, ontoclasm_vaults_bender,
          nicolae_vaults_stairing_the_circle, v_misc_30,
          hangedman_vaults_variations, vaults_standard_mumra_enter_the_diamond,
          v_misc_25, grunt_vaults_hallway_short, layout_vaults_big_cross,
          serial_shops, nicolae_diamond_shop
Depths:1: layout_forbidden_donut, serial_shops, nicolae_shop_advertising_works
          [nicolae_subvault_shop_adworks], nicolae_shop_trees,
          nicolae_shop_hallway_plus, grunt_hell_entry_dis_mu,
          nicolae_benzene_ring, abyss_entry_small_statue_room,
          okawaru_altar_gauntlet_db
Depths:2: dreamdust_isle_of_ice, layout_cave_pools, enter_ziggurat_e,
          serial_co_window_serial, co_window_of_opportunity_a,
          co_window_paths_a, co_window_paths_b, co_window_paths_a,
          co_window_paths_a, co_window_corner_a, co_window_of_opportunity_a,
          co_window_paths_b, co_window_paths_a, co_window_unsneaky_path_e,
          co_window_of_opportunity_b, co_window_of_opportunity_c,
          co_window_paths_c, co_window_corner_b, co_window_corner_b,
          co_window_paths_d, glass_columns_b, glass_columns_b, glass_columns_b,
          glass_columns_a, grunt_metal_band, abyss_entry_crystal,
          grunt_gozag_breadcrumbs, pan_entry, uniq_bai_suzhen, uniq_vv,
          uniq_sojobo
Depths:3: minmay_the_grid_triangle_9x9_rhombus_full
          [minmay_the_grid_triangle_9x9_corruption,
          minmay_the_grid_triangle_9x9_flanged_cone,
          minmay_the_grid_triangle_9x9_zippers_vertical,
          minmay_the_grid_triangle_9x9_minimal,
          minmay_the_grid_triangle_9x9_descending_squares,
          minmay_the_grid_triangle_9x9_cache,
          minmay_the_grid_triangle_9x9_intruding_spiral,
          minmay_the_grid_triangle_9x9_prize_insulated], layout_cave_pools,
          hell_entry, abyss_entry, minmay_misc_feat_five
Depths:4: grunt_twist_and_shout, layout_cave_pools, hell_entry,
          nicolae_abyss_entry_one_way_or_another, fiery_altar_vehumet,
          uniq_margery, uniq_mennas

Notes
Turn   | Place    | Note
-------+----------+-------------------------------------------
     0 | D:1      | xzight the Troll Fighter began the quest for the Orb.
     0 | D:1      | Reached XP level 1. HP: 22/22 MP: 0/0
    79 | D:1      | Found Semnajoh's Armour Boutique.
   374 | D:1      | Reached XP level 2. HP: 29/29 MP: 1/1
   732 | D:2      | Reached skill level 3 in Unarmed Combat
   741 | D:2      | Reached XP level 3. HP: 22/36 MP: 2/2
   946 | D:2      | Found a faded altar of an unknown god.
   991 | D:2      | Reached skill level 4 in Unarmed Combat
  1311 | D:2      | Found a runed translucent door.
  1312 | D:2      | Noticed Crazy Yiuf
  1395 | D:3      | Reached XP level 4. HP: 44/44 MP: 3/3
  1427 | D:3      | Found a shimmering blue altar of Sif Muna.
  1454 | D:3      | Reached skill level 3 in Fighting
  1718 | D:3      | Found Depp's Book Emporium.
  1869 | D:3      | Reached skill level 3 in Shields
  2211 | D:3      | Found Weihod's General Store.
  2216 | D:3      | Bought a scroll of identify for 24 gold pieces
  2216 | D:3      | Bought a scroll of teleportation for 36 gold pieces
  2454 | D:3      | Found an ancient bone altar of Kikubaaqudgha.
  2722 | D:4      | Found a staircase to the Ecumenical Temple.
  2733 | Temple   | Entered the Ecumenical Temple
  2770 | Temple   | Became a worshipper of Warmaster Okawaru
  3176 | D:4      | Found a stormy altar of Qazlal.
  3285 | D:4      | Noticed a phantom
  3293 | D:4      | Killed a phantom
  3294 | D:4      | Reached skill level 5 in Unarmed Combat
  3294 | D:4      | Reached XP level 5. HP: 53/53 MP: 4/4
  3340 | D:5      | Entered Level 5 of the Dungeon
  3403 | D:5      | Reached XP level 6. HP: 58/61 MP: 5/5
  3546 | D:5      | Reached * piety under Okawaru
  3547 | D:5      | Reached skill level 6 in Unarmed Combat
  3689 | D:4      | Reached skill level 4 in Fighting
  3731 | D:5      | Reached XP level 7. HP: 45/69 MP: 6/6
  3735 | D:5      | Reached skill level 4 in Shields
  3915 | D:5      | Noticed Prince Ribbit
  3916 | D:5      | Reached skill level 1 in Invocations
  3936 | D:5      | HP: 6/70 [Prince Ribbit (5)]
  3937 | D:5      | Killed Prince Ribbit
  3938 | D:5      | Reached skill level 3 in Invocations
  4509 | D:6      | Noticed Grinder
  4524 | D:6      | Paralysed by Grinder for 3 turns
  4531 | D:6      | Killed Grinder
  4531 | D:6      | Reached ** piety under Okawaru
  4532 | D:6      | Reached skill level 7 in Unarmed Combat
  4532 | D:6      | Reached XP level 8. HP: 75/78 MP: 9/9
  4625 | D:6      | Noticed Blork the orc
  4631 | D:6      | Killed Blork the orc
  4740 | D:6      | Reached skill level 8 in Unarmed Combat
  4877 | D:6      | Identified the ring "Zuigh" {AC+4 Int+4}
  5100 | D:6      | Found a glowing golden altar of the Shining One.
  5103 | D:6      | Found an ornate altar of the Wu Jian Council.
  5106 | D:6      | Found a blossoming altar of Fedhas.
  5181 | D:6      | Reached skill level 9 in Unarmed Combat
  5359 | D:6      | Found a basalt altar of Yredelemnul.
  5435 | D:7      | Reached skill level 1 in Throwing
  5531 | D:7      | Reached *** piety under Okawaru
  5539 | D:7      | Reached skill level 2 in Throwing
  5539 | D:7      | Reached skill level 10 in Unarmed Combat
  5539 | D:7      | Reached XP level 9. HP: 84/84 MP: 10/10
  5690 | D:7      | Reached skill level 3 in Throwing
  5906 | D:7      | Reached skill level 4 in Throwing
  5907 | D:7      | Received a gift from Okawaru
  6318 | D:8      | Reached skill level 5 in Throwing
  6815 | D:8      | Noticed a centaur warrior
  6830 | D:8      | Noticed an elephant
  6935 | D:8      | Received a gift from Okawaru
  6947 | D:8      | Reached skill level 5 in Fighting
  6974 | D:8      | Found a burning altar of Makhleb.
  7103 | D:8      | Noticed a two-headed ogre
  7109 | D:8      | Killed a two-headed ogre
  7110 | D:8      | Reached skill level 6 in Fighting
  7374 | D:8      | Killed an elephant
  7374 | D:8      | Reached **** piety under Okawaru
  7375 | D:8      | Reached skill level 7 in Fighting
  7375 | D:8      | Reached XP level 10. HP: 96/102 MP: 9/11
  7439 | D:8      | Found a staircase to the Lair.
  7694 | D:8      | Killed a centaur warrior
  7695 | D:8      | Reached skill level 4 in Invocations
  7786 | D:8      | Reached skill level 5 in Invocations
  7864 | D:8      | Reached skill level 6 in Invocations
  7877 | D:8      | Reached ***** piety under Okawaru
  8046 | D:9      | Reached skill level 8 in Fighting
  8102 | D:9      | Found a broken altar of Ashenzari.
  8125 | D:9      | Got Sif Muna's Lessons on Maledictive Earth
  8181 | D:9      | Received a gift from Okawaru
  8185 | D:9      | Reached skill level 7 in Invocations
  8658 | D:10     | Entered Level 10 of the Dungeon
  8748 | D:10     | Identified the +6 long sword of Pyceesud {vorpal, *Noise
                  | rC- Will+ Str+6}
  8780 | D:10     | Noticed a two-headed ogre
  8851 | D:10     | Reached XP level 11. HP: 111/111 MP: 15/15
  8977 | D:10     | Killed a two-headed ogre
  8978 | D:10     | Reached skill level 8 in Invocations
  9038 | D:10     | Found a runed translucent gate.
  9038 | D:10     | Found a runed translucent gate.
  9038 | D:10     | Found a runed translucent gate.
  9038 | D:10     | Noticed a great orb of eyes
  9039 | D:10     | Noticed soggyman666's ghost (journeyman DjFE)
  9090 | D:10     | Identified the +0 chain mail "Laon" {*Slow rF+++ Dex-5
                  | Slay+4}
  9136 | D:10     | Received a gift from Okawaru
  9383 | D:10     | Reached skill level 9 in Invocations
  9548 | D:10     | Found a viscous altar of Jiyva.
  9782 | D:11     | Received a gift from Okawaru
  9859 | D:11     | Found a portal to a secret trove of treasure.
 10002 | D:11     | Reached skill level 10 in Invocations
 10147 | D:11     | Found Gaku's Weapon Shoppe.
 10232 | D:11     | Noticed a two-headed ogre
 10245 | D:11     | Killed a two-headed ogre
 10474 | Lair:1   | Entered Level 1 of the Lair of Beasts
 10631 | Lair:1   | Noticed an eight-headed hydra
 10638 | Lair:1   | Killed an eight-headed hydra
 10638 | Lair:1   | Received a gift from Okawaru
 10639 | Lair:1   | Reached skill level 11 in Unarmed Combat
 10743 | Lair:1   | Identified the +1 robe of Vlad {rElec rC- Regen+ rCorr
                  | Dex+2} (Okawaru gifted it to you on level 1 of the Lair of
                  | Beasts)
 10743 | Lair:1   | Received a gift from Okawaru
 10870 | Lair:1   | Reached skill level 12 in Unarmed Combat
 11034 | Lair:1   | Reached XP level 12. HP: 122/122 MP: 18/18
 11123 | Lair:1   | Noticed Nergalle
 11141 | Lair:1   | Killed Nergalle
 11585 | Lair:2   | Reached skill level 9 in Fighting
 11867 | Lair:2   | Reached skill level 10 in Fighting
 11903 | Lair:2   | Reached skill level 5 in Shields
 11965 | Lair:2   | Identified the +1 robe of Evolution {Drain rPois Dex+2}
                  | (Okawaru gifted it to you on level 2 of the Lair of Beasts)
 11965 | Lair:2   | Received a gift from Okawaru
 11974 | Lair:2   | Reached skill level 6 in Shields
 12049 | Lair:2   | Noticed a death yak
 12049 | Lair:2   | Noticed a death yak
 12049 | Lair:2   | Noticed a death yak
 12050 | Lair:2   | Noticed a death yak
 12051 | Lair:2   | Noticed a death yak
 12084 | Lair:2   | Killed a death yak
 12088 | Lair:2   | Killed a death yak
 12096 | Lair:2   | Killed a death yak
 12097 | Lair:2   | Reached skill level 7 in Shields
 12102 | Lair:2   | Killed a death yak
 12105 | Lair:2   | Killed a death yak
 12112 | Lair:2   | Reached skill level 8 in Shields
 12656 | Lair:3   | Reached skill level 6 in Throwing
 12848 | Lair:3   | Reached XP level 13. HP: 131/133 MP: 19/19
 12860 | Lair:3   | Found a hole to the Spider Nest.
 12885 | Lair:3   | Found a staircase to the Swamp.
 12986 | Lair:3   | Reached skill level 7 in Throwing
 13087 | Lair:3   | Reached ****** piety under Okawaru
 13761 | Lair:4   | Reached skill level 8 in Throwing
 13829 | Lair:4   | Received a gift from Okawaru
 14248 | Lair:4   | Reached skill level 13 in Unarmed Combat
 14497 | Lair:4   | Received a gift from Okawaru
 15064 | Lair:5   | Entered Level 5 of the Lair of Beasts
 15097 | Lair:5   | Noticed Josephine
 15106 | Lair:4   | Killed Josephine
 15151 | Lair:4   | Received a gift from Okawaru
 15152 | Lair:4   | Reached skill level 14 in Unarmed Combat
 15373 | Lair:5   | Reached skill level 15 in Unarmed Combat
 15388 | Lair:5   | Found a staircase to the Slime Pits.
 15594 | Lair:5   | Reached XP level 14. HP: 103/143 MP: 20/20
 15936 | Lair:5   | Received a gift from Okawaru
 16523 | Lair:5   | Reached skill level 9 in Throwing
 16523 | Lair:5   | Reached skill level 9 in Shields
 16788 | Lair:5   | Found a corrupted altar of Lugonu.
 16788 | Lair:5   | Found a one-way gate to the infinite horrors of the Abyss.
 17030 | D:12     | Found Kiruent's Jewellery Shop.
 17485 | D:12     | Found a staircase to the Orcish Mines.
 17624 | D:12     | You fall into a shaft and drop 1 floor!
 17691 | D:13     | Reached skill level 11 in Fighting
 18045 | Orc:1    | Entered Level 1 of the Orcish Mines
 18075 | Orc:1    | Noticed Jorgrun
 18096 | Orc:1    | Killed Jorgrun
 18622 | Orc:2    | Entered Level 2 of the Orcish Mines
 18638 | Orc:2    | Found a staircase to the Elven Halls.
 18880 | Orc:2    | Received a gift from Okawaru
 18884 | Orc:2    | Identified the +4 storm dragon scales "Muhaucs" {rElec rC+
                  | Int+4 Dex+6} (Okawaru gifted it to you on level 2 of the
                  | Orcish Mines)
 18884 | Orc:2    | Received a gift from Okawaru
 18946 | Orc:2    | Reached skill level 10 in Throwing
 18946 | Orc:2    | Reached skill level 10 in Shields
 19006 | Orc:2    | Reached skill level 1 in Armour
 19103 | Orc:2    | Paralysed by an ogre mage for 3 turns
 19114 | Orc:2    | Reached skill level 2 in Armour
 19114 | Orc:2    | Reached XP level 15. HP: 138/154 MP: 21/21
 19376 | Orc:2    | Reached skill level 3 in Armour
 19384 | Orc:2    | Paralysed by an ogre mage for 5 turns
 19518 | Orc:2    | Found Tuqyril's Magic Scroll Shoppe.
 19540 | Orc:2    | Found Lagufe's Magic Scroll Shop.
 19540 | Orc:2    | Found Deef's Magic Scroll Shoppe.
 19540 | Orc:2    | Found Ydiomiud's General Store.
 19555 | Orc:2    | Bought a scroll of teleportation for 51 gold pieces
 19555 | Orc:2    | Bought a scroll of teleportation for 51 gold pieces
 19555 | Orc:2    | Identified a potion of resistance
 19690 | Orc:2    | Reached skill level 12 in Fighting
 19818 | Orc:2    | Bought a scroll of enchant armour for 105 gold pieces
 19824 | Orc:2    | Bought a scroll of enchant armour for 127 gold pieces
 19984 | D:13     | Reached skill level 4 in Armour
 20336 | D:13     | Received a gift from Okawaru
 20337 | D:13     | Reached skill level 5 in Armour
 20657 | D:13     | Found the +6 arbalest "Damnation" {damnation}
 20909 | D:14     | Found a frozen archway.
 20919 | D:14     | Identified the +8 giant spiked club "Dragonbane" {vamp,
                  | Will+} (Okawaru gifted it to you on level 14 of the
                  | Dungeon)
 20919 | D:14     | Received a gift from Okawaru
 20931 | IceCv    | Entered an ice cave
 20977 | IceCv    | Reached skill level 6 in Armour
 21256 | IceCv    | Identified a +3 leather armour of resistance
 21470 | IceCv    | Reached skill level 7 in Armour
 21721 | IceCv    | Noticed an azure jelly
 21724 | IceCv    | Noticed an azure jelly
 21733 | IceCv    | Killed an azure jelly
 21737 | IceCv    | Killed an azure jelly
 21738 | IceCv    | Reached skill level 8 in Armour
 21777 | IceCv    | Found a viscous altar of Jiyva.
 21781 | IceCv    | Noticed a rockslime
 21781 | IceCv    | Noticed an azure jelly
 21794 | IceCv    | Killed a rockslime
 21794 | IceCv    | Identified the +1 hat "Ydaxt" {Will+} (Okawaru gifted it to
                  | you in an ice cave)
 21794 | IceCv    | Received a gift from Okawaru
 21806 | IceCv    | Killed an azure jelly
 21865 | IceCv    | Found the +4 skin of Zhor {*Englaciate rC+++ SInv}
 21873 | IceCv    | Identified the amulet of Jootoes {Reflect rElec rPois Int+4
                  | SH+5}
 21881 | IceCv    | Got the ring of Giaw {Ice rPois Str-5 Dex+6}
 21978 | D:14     | Noticed Rupert
 21997 | D:14     | Killed Rupert
 22117 | D:14     | Reached skill level 9 in Armour
 22174 | D:14     | Identified the +3 leather armour of Anarchy {Dex+2}
 22218 | D:14     | Identified the +1 chain mail "Neetwefociv" {Int+6 Dex+3
                  | SInv}
 22827 | D:14     | Reached XP level 16. HP: 161/165 MP: 22/22
 22849 | D:14     | You are cast into the Abyss!
 22849 | Abyss:2  | Cast into level 2 of the Abyss (a wizard)
 22973 | Abyss:2  | Noticed a tentacled starspawn
 22980 | Abyss:2  | Reached skill level 10 in Armour
 23146 | Abyss:2  | Reached skill level 1 in Evocations
 23192 | Abyss:2  | Noticed a bone dragon
 23309 | Abyss:3  | Noticed a tentacled monstrosity
 23322 | Abyss:3  | Killed a tentacled monstrosity
 23367 | Abyss:3  | Noticed a tentacled monstrosity
 23384 | Abyss:3  | Killed a tentacled monstrosity
 23427 | Abyss:3  | Reached skill level 2 in Evocations
 23483 | D:14     | You pass through the gate.
 23483 | D:14     | Escaped the Abyss
 23494 | D:14     | Received a gift from Okawaru
 23562 | D:14     | Found a gate to the Vaults.
 23626 | D:14     | Received a gift from Okawaru
 23794 | D:15     | Entered Level 15 of the Dungeon
 23816 | D:15     | Reached skill level 3 in Evocations
 23825 | D:15     | Received a gift from Okawaru
 23903 | D:15     | Found Puoca's Antique Armour Emporium.
 24333 | D:15     | Found a staircase to the Depths.
 24340 | D:15     | Reached skill level 11 in Throwing
 25181 | Spider:1 | Entered Level 1 of the Spider Nest
 25353 | Spider:1 | Noticed Mlioglotl
 25357 | Spider:1 | Killed Mlioglotl
 25358 | Spider:1 | Reached skill level 4 in Evocations
 25785 | Spider:1 | Identified the +9 rapier of Keibe {vorpal, Contam Will+
                  | rCorr Stlth+} (Okawaru gifted it to you on level 1 of the
                  | Spider Nest)
 25785 | Spider:1 | Received a gift from Okawaru
 25837 | Spider:1 | Noticed Louise
 25848 | Spider:1 | Killed Louise
 25849 | Spider:1 | Reached skill level 13 in Fighting
 27061 | Spider:2 | Noticed Arachne
 27080 | Spider:2 | Killed Arachne
 27370 | Spider:2 | Reached XP level 17. HP: 174/178 MP: 23/23
 27963 | Spider:3 | Identified the +5 robe of Infinity {rN++} (Okawaru gifted
                  | it to you on level 3 of the Spider Nest)
 27963 | Spider:3 | Received a gift from Okawaru
 28152 | Spider:3 | HP: 16/178 [poisoned by a redback]
 28511 | Spider:3 | Reached skill level 12 in Throwing
 28675 | Spider:3 | Identified the +6 sling "Sueting" {vorpal, +Blink rPois rC+
                  | Str+2}
 29349 | Spider:3 | Reached skill level 11 in Shields
 29418 | Spider:4 | Entered Level 4 of the Spider Nest
 29467 | Spider:4 | HP: 7/179 [meliai/divine providence (16)]
 29984 | Spider:4 | Reached skill level 11 in Armour
 30126 | Spider:4 | Noticed croobank's ghost (adept DsCj)
 30129 | Spider:4 | Found a transporter.
 30148 | Spider:4 | Found a transporter.
 30357 | Spider:4 | Received a gift from Okawaru
 30928 | Spider:4 | Identified the +0 hat of Ignis's Felicitations {Stlth+}
 30939 | Spider:4 | Got a gossamer rune of Zot
 30971 | Spider:4 | Received a gift from Okawaru
 31386 | Swamp:1  | Entered Level 1 of the Swamp
 31461 | Swamp:1  | Reached skill level 14 in Fighting
 31614 | Swamp:1  | Received a gift from Okawaru
 32012 | Swamp:2  | Reached XP level 18. HP: 143/189 MP: 24/24
 32181 | Swamp:2  | Reached skill level 13 in Throwing
 32632 | Swamp:3  | Reached skill level 12 in Shields
 32669 | Swamp:3  | Received a gift from Okawaru
 33213 | Swamp:4  | Entered Level 4 of the Swamp
 33462 | Swamp:4  | Noticed the 27-headed Lernaean hydra
 33684 | Swamp:4  | Reached skill level 12 in Armour
 33693 | Swamp:4  | Received a gift from Okawaru
 33873 | Swamp:4  | Killed the 27-headed Lernaean hydra
 33963 | Swamp:4  | Received a gift from Okawaru
 34024 | Swamp:4  | Noticed Nikola
 34039 | Swamp:4  | Killed Nikola
 34111 | Swamp:4  | Got a decaying rune of Zot
 34684 | Vaults:1 | Entered Level 1 of the Vaults
 34738 | Vaults:1 | Identified the +0 cloak "Utsuaz" {Regen+ Str+4} (Okawaru
                  | gifted it to you on level 1 of the Vaults)
 34738 | Vaults:1 | Received a gift from Okawaru
 35697 | Vaults:1 | Reached skill level 14 in Throwing
 35730 | Vaults:1 | Identified the +5 sling of Discomfort {freeze, rPois Str+3
                  | Int-5}
 35834 | Vaults:1 | Found Lusinwim's Magic Scroll Emporium.
 35843 | Vaults:1 | Bought a scroll of enchant armour for 97 gold pieces
 36211 | Vaults:2 | Reached XP level 19. HP: 161/200 MP: 23/25
 36363 | Vaults:2 | Reached skill level 13 in Shields
 36388 | Vaults:2 | Reached skill level 15 in Fighting
 36417 | Vaults:2 | Noticed Boris
 36430 | Vaults:2 | Killed Boris
 36818 | Vaults:2 | Found a runed translucent gate.
 36818 | Vaults:2 | Found a runed translucent gate.
 36818 | Vaults:2 | Found a runed translucent gate.
 36819 | Vaults:2 | Noticed Jingleheimer's ghost (adept DsFi)
 36901 | Vaults:2 | Received a gift from Okawaru
 36987 | Vaults:2 | Found a staircase to the Crypt.
 37687 | Vaults:3 | Reached skill level 13 in Armour
 37765 | Vaults:3 | Identified the +0 robe of Foolhardiness {Int+4} (Okawaru
                  | gifted it to you on level 3 of the Vaults)
 37765 | Vaults:3 | Received a gift from Okawaru
 37886 | Vaults:3 | Noticed Frederick
 38021 | Vaults:3 | Killed Frederick
 38195 | Vaults:3 | You fall into a shaft and drop 1 floor!
 38322 | Vaults:4 | Found Naitt's Antique Weapon Shop.
 38744 | Vaults:4 | Reached skill level 14 in Shields
 38762 | Vaults:4 | Reached skill level 15 in Throwing
 38932 | Vaults:4 | Received a gift from Okawaru
 38948 | Vaults:4 | Reached XP level 20. HP: 158/213 MP: 26/26
 39127 | Vaults:4 | Received a gift from Okawaru
 39285 | Vaults:4 | Identified the +6 arbalest "Beroka" {vorpal, rF+}
 39428 | Vaults:3 | Reached skill level 16 in Fighting
 39709 | Vaults:3 | HP: 19/213 [ironbound frostheart[a vault warden] (15)]
 39851 | Vaults:3 | Reached skill level 14 in Armour
 39928 | Vaults:3 | Noticed Saint Roka
 39974 | Vaults:3 | Killed Saint Roka
 39974 | Vaults:3 | Received a gift from Okawaru
 40325 | Vaults:3 | Received a gift from Okawaru
 40739 | Vaults:4 | Found a runed translucent gate.
 40739 | Vaults:4 | Found a runed translucent gate.
 40739 | Vaults:4 | Found a runed translucent gate.
 40740 | Vaults:4 | Noticed rgbqcd's ghost (veteran MiBe)
 40798 | Vaults:4 | Reached skill level 15 in Shields
 40825 | Vaults:4 | Received a gift from Okawaru
 41730 | Depths:1 | Entered Level 1 of the Depths
 41861 | Depths:1 | Found Naumaso's Armour Shop.
 42140 | Depths:1 | Received a gift from Okawaru
 42141 | Depths:1 | Found an iron altar of Okawaru.
 42216 | Depths:1 | Found Feilles's Jewellery Shop.
 42224 | Depths:1 | Bought the ring "Disoaff" {Will+ rCorr Int+3} for 570 gold
                  | pieces
 42621 | Depths:1 | Found Zutwyr's Antique Armour Shoppe.
 42916 | Depths:1 | Found a gateway to Hell.
 43029 | Depths:2 | Noticed Vv
 43044 | Depths:2 | Killed Vv
 43044 | Depths:2 | Received a gift from Okawaru
 43069 | Depths:2 | Reached skill level 15 in Armour
 43075 | Depths:2 | Reached skill level 17 in Fighting
 43080 | Depths:2 | Reached XP level 21. HP: 171/226 MP: 23/27
 43308 | Depths:2 | Noticed Margery
 43328 | Depths:2 | Noticed Sojobo
 43333 | Depths:2 | Killed Margery
 43351 | Depths:2 | Paralysed by an air elemental for 1 turns
 43361 | Depths:2 | Paralysed by an air elemental for 1 turns
 43365 | Depths:2 | Paralysed by an air elemental for 1 turns
 43381 | Depths:2 | Killed Sojobo
 43389 | Depths:2 | Found a one-way gateway to a ziggurat.
 43452 | Depths:2 | Found an opulent altar of Gozag.
 43656 | Depths:2 | Noticed Bai Suzhen
 43663 | Depths:2 | Killed Bai Suzhen
 43663 | Depths:2 | Identified the +4 fire dragon scales of the Gusle {rF++ rC-
                  | Str+3} (Okawaru gifted it to you on level 2 of the Depths)
 43663 | Depths:2 | Received a gift from Okawaru
 43733 | Depths:2 | Noticed a juggernaut
 43747 | Depths:2 | Killed a juggernaut
 43804 | Depths:2 | Reached skill level 16 in Throwing
 44043 | Depths:2 | Found a one-way gate leading to the halls of Pandemonium.
 44447 | Depths:2 | Got the Almanac of Impurities
 44954 | Depths:2 | Identified the +2 pair of gloves of Lucidity {Contam rC++}
 45177 | Depths:3 | Reached skill level 18 in Fighting
 45360 | Depths:3 | Identified the +8 ring mail of Indemnity {Int+2 Dex+4}
 45407 | Depths:3 | Reached skill level 17 in Throwing
 45541 | Depths:3 | Received a gift from Okawaru
 46057 | Depths:3 | Noticed a golden dragon
 46062 | Depths:3 | Killed a golden dragon
 46137 | Depths:3 | Identified the +6 long sword of War {vamp, rCorr}
 46320 | Depths:3 | Identified the +4 spear "Xeubuex" {spect, rN+}
 46335 | Depths:3 | Noticed a golden dragon
 46340 | Depths:3 | Killed a golden dragon
 46380 | Depths:3 | Got the Lessons on Illusion and Blasting
 46875 | Depths:4 | Entered Level 4 of the Depths
 47145 | Depths:4 | HP: 19/218 [something (4)]
 47146 | Depths:4 | HP: 7/218 [something (7)]
 47147 | Depths:4 | Slain by a vampire knight

Vanquished Creatures
  A juggernaut (Depths:2)
  Bai Suzhen (Depths:2)
  Sojobo (Depths:2)
  Boris (Vaults:2)
  Frederick (Vaults:3)
  the Lernaean hydra (Swamp:4)
  Saint Roka (Vaults:3)
  Vv (Depths:2)
  Margery (Depths:2)
  Nikola (Swamp:4)
  2 golden dragons (Depths:3)
  Arachne (Spider:2)
  2 tentacled monstrosities (Abyss:3)
  Rupert (D:14)
  An Ice Fiend (Depths:2)
  Jorgrun (Orc:1)
  2 liches
  Mlioglotl (Spider:1)
  A walking frostbound tome (Depths:3)
  6 tengu reavers
  2 shadow dragons (Depths:3)
  A thorn hunter (Swamp:2)
  A storm dragon (Depths:3)
  5 fire giants (Depths:3)
  3 azure jellies (IceCv)
  A rockslime (IceCv)
  A nargun (Depths:2)
  10 vault wardens
  A deep elf sorcerer (Vaults:3)
  5 frost giants
  4 emperor scorpions
  An orc warlord (Vaults:2)
  Louise (Spider:1)
  4 ghost moths
  A ghoul (Vaults:2)
  11 ironbound preservers
  4 quicksilver oozes (IceCv)
  A reaper (Depths:2)
  2 war gargoyles
  17 very ugly things
  10 ironbound thunderhulks
  4 spriggan defenders
  10 stone giants
  A green draconian (Depths:4)
  2 eleionomae
  2 vampire knights
  A broodmother (Spider:2)
  3 bunyips
  A red draconian (Depths:4)
  5 entropy weavers
  20 spark wasps
  7 dire elephants
  3 eidola (Vaults:2)
  A merfolk javelineer (Depths:2)
  A crystal guardian (Vaults:3)
  2 ettins
  A fire dragon (Depths:2)
  2 blizzard demons
  Josephine (Lair:4)
  11 yaktaur captains
  A deep elf high priest (Vaults:1)
  A shambling mangrove (Swamp:3)
  A caustic shrike simulacrum (Depths:2)
  9 vault guards
  2 peacekeepers
  5 rakshasas
  6 boulder beetles
  27 hydras
  3 great orbs of eyes
  6 ogre magi
  6 ice dragons
  2 spriggan air magi (Depths:3)
  2 jorogumos (Spider:4)
  A radroach (Spider:4)
  17 two-headed ogres
  8 ironbound frosthearts
  13 centaur warriors
  9 alligators
  5 deep troll earth magi
  A death knight (D:14)
  2 deep troll shamans
  9 death yaks
  6 thrashing horrors
  7 tengu warriors
  A vampire mage (Depths:2)
  7 spriggan berserkers
  2 orc high priests
  8 hell knights (Depths:2)
  Nergalle (Lair:1)
  A wretched star (Abyss:3)
  A sun moth (Spider:3)
  A skeletal warrior (D:14)
  6 iron trolls
  2 glowing orange brains
  7 goliath frogs
  3 pharaoh ants
  A shadow wraith (Vaults:2)
  6 steelbarb worms
  3 spriggan druids
  A sixfirhy (Abyss:2)
  45 deep trolls
  10 swamp dragons
  4 orange crystal statues
  11 bog bodies
  A flayed ghost (Depths:1)
  10 orb spiders
  8 wizards
  2 starcursed masses (Abyss:3)
  A harpy (Vaults:1)
  11 necromancers
  2 phantasmal warriors
  3 orc knights
  10 lindwurms
  15 ironbound convokers
  A deep elf pyromancer (D:15)
  An orc sorcerer (Vaults:3)
  27 ugly things
  5 will-o-the-wisps
  A salamander (D:15)
  4 cyclopes
  4 manticores
  18 wolf spiders
  3 moths of wrath
  4 torpor snails
  12 elephants
  2 gargoyles
  10 vault sentinels
  3 black mambas
  4 smoke demons
  13 cane toads
  A guardian serpent (Abyss:3)
  4 efreet (D:13)
  9 demonic crawlers
  28 yaktaurs
  3 rime drakes
  A tengu conjurer (D:15)
  8 komodo dragons
  6 freezing wraiths
  A hellion (D:13)
  2 golden dragon simulacra (Depths:2)
  2 unseen horrors
  6 ancient zymes
  6 trolls
  9 meliai
  A polar bear (Lair:5)
  Prince Ribbit (D:5)
  A queen bee (Lair:4)
  4 raiju (Abyss:3)
  20 hornets
  74 slime creatures
  24 tarantellas
  2 tyrant leeches
  24 blink frogs
  Grinder (D:6)
  2 shadows
  A flying skull (Abyss:2)
  A centaur simulacrum (D:14)
  2 ynoxinuls
  13 culicivoras
  An ettin skeleton (Abyss:3)
  18 jumping spiders
  10 wraiths
  7 wyverns
  7 water elementals (Depths:2)
  A yak (shapeshifter) (D:15)
  A vampire (D:12)
  13 spriggans
  51 yaks
  7 basilisks
  6 golden eyes (Abyss:2)
  2 humans (shapeshifter)
  4 large abominations
  A chaos spawn (Lair:5)
  26 vampire mosquitoes
  15 humans (D:14)
  2 wargs
  59 redbacks
  2 steam dragons
  An acid dragon (shapeshifter) (D:14)
  A naga (shapeshifter) (Lair:5)
  17 swamp worms
  A naga (Abyss:3)
  2 acid dragons
  18 water moccasins
  7 swamp drakes
  A hornet zombie (D:6)
  2 ice beasts
  28 orc warriors
  4 sky beasts
  4 great orb of eyes simulacra (IceCv)
  An ettin simulacrum (Depths:2)
  13 wolves
  6 boggarts (Vaults:2)
  23 ogres
  6 centaurs
  A phantom (D:4)
  A kobold brigand (D:7)
  A slime creature simulacrum (IceCv)
  11 bullfrogs
  A glowing shapeshifter simulacrum (IceCv)
  Blork the orc (D:6)
  2 necrophages (D:7)
  3 gnoll sergeants
  3 scorpions
  9 wights
  29 killer bees
  2 howler monkeys
  5 electric eels (Spider:4)
  A bullfrog zombie (D:6)
  2 jellies
  A hound (D:5)
  10 orc priests
  An iguana (D:7)
  22 orc wizards
  16 small abominations
  11 gnolls
  7 adders
  3 shadow imps (D:8)
  2 white imps
  An ufetubus (D:5)
  2 worms
  89 orcs
  3 ball pythons
  5 endoplasms
  3 giant cockroaches
  5 goblins
  7 hobgoblins
  7 jackals
  3 quokkas
  6 bats
  4 frilled lizards
  A goblin (shapeshifter) (Depths:3)
  11 kobolds
  2 rats
1556 creatures vanquished.

Vanquished Creatures (others)
  A goliath frog (Swamp:2)
  3 bloated husks
  4 vampire mosquitoes (Swamp:1)
  2 swamp worms (Swamp:2)
  A boggart (Vaults:2)
  22 foxfires
  29 fungi
  41 plants
  7 starspawn tentacles (Abyss:2)
110 creatures vanquished.

Grand Total: 1666 creatures vanquished

Table legend: (Time is in decaauts)
 A = Elapsed time spent in this place.
 B = Non-inter-level travel time spent in this place.
 C = Inter-level travel time spent in this place.
 D = Time resting spent in this place.
 E = Time spent auto-exploring this place.
 F = Levels seen in this place.
 G = Mean time per level.
                   A        B        C        D        E       F      G
               +--------+--------+--------+--------+--------+-----+--------+
         Total |  46568 |  43413 |   3155 |   5506 |  26307 |  42 | 1108.8 |
       Dungeon |  15463 |  14071 |   1392 |   1257 |   9776 |  15 | 1030.9 |
        Temple |    347 |    316 |     31 |      0 |    295 |   1 |  347.0 |
          Lair |   6518 |   5979 |    539 |    649 |   3374 |   5 | 1303.6 |
         Swamp |   3287 |   3169 |    118 |    503 |   1819 |   4 |  821.8 |
   Spider Nest |   6168 |   5746 |    422 |   1234 |   3019 |   4 | 1542.0 |
  Orcish Mines |   1656 |   1580 |     76 |    146 |    824 |   2 |  828.0 |
        Vaults |   6526 |   6325 |    201 |    778 |   3988 |   4 | 1631.5 |
        Depths |   4990 |   4617 |    373 |    797 |   2675 |   4 | 1247.5 |
         Abyss |    612 |    612 |      0 |      0 |     48 |   2 |  306.0 |
      Ice Cave |    996 |    996 |      0 |    141 |    487 |   1 |  996.0 |
               +--------+--------+--------+--------+--------+-----+--------+

Top non-repeatable levels by time:
Vaults:4: 1995 daAuts
Spider:4: 1783 daAuts
     D:8: 1766 daAuts
Spider:3: 1698 daAuts
Depths:3: 1661 daAuts
Depths:2: 1659 daAuts
Vaults:2: 1634 daAuts
  Lair:5: 1615 daAuts
Depths:1: 1593 daAuts
Vaults:3: 1580 daAuts
  Lair:4: 1548 daAuts
Spider:1: 1465 daAuts
    D:13: 1365 daAuts
    D:15: 1346 daAuts
    D:14: 1342 daAuts

Table legend:
 A = Non-vault XP
 B = Vault XP
 C = Vault XP percentage of total XP
 D = Non-vault monster count
 E = Vault monster count
 F = Vault count percentage of total count
                 A         B        C        D         E       F
            +---------+---------+-------+---------+---------+-------
      Total |  415355 |  289993 |  41.1 |    1015 |     543 |  34.9
            +---------+---------+-------+---------+---------+-------
        D:1 |      16 |       0 |   0.0 |      10 |       0 |   0.0
        D:2 |      79 |       0 |   0.0 |      17 |       0 |   0.0
        D:3 |      47 |       4 |   7.8 |      25 |       2 |   7.4
        D:4 |      90 |     107 |  54.3 |       7 |       1 |  12.5
        D:5 |     653 |     291 |  30.8 |      15 |       1 |   6.2
        D:6 |     555 |     524 |  48.6 |       6 |       4 |  40.0
        D:7 |     952 |     316 |  24.9 |      16 |       8 |  33.3
        D:8 |    1147 |    3764 |  76.6 |       7 |      22 |  75.9
        D:9 |    2419 |       0 |   0.0 |      16 |       0 |   0.0
       D:10 |    3399 |       0 |   0.0 |      29 |       0 |   0.0
       D:11 |    2060 |    1135 |  35.5 |      11 |       3 |  21.4
       D:12 |    2205 |     567 |  20.5 |      15 |      32 |  68.1
       D:13 |    8151 |    1412 |  14.8 |      23 |       4 |  14.8
       D:14 |    8299 |   14968 |  64.3 |      18 |      30 |  62.5
       D:15 |   13745 |    1497 |   9.8 |      26 |       4 |  13.3
     Lair:1 |    2473 |    3229 |  56.6 |       8 |      10 |  55.6
     Lair:2 |   12071 |     770 |   6.0 |      43 |       7 |  14.0
     Lair:3 |    4914 |     668 |  12.0 |      22 |       4 |  15.4
     Lair:4 |    7320 |    6871 |  48.4 |      22 |      38 |  63.3
     Lair:5 |   16435 |   11412 |  41.0 |      38 |      40 |  51.3
    Swamp:1 |   10946 |       0 |   0.0 |      26 |       0 |   0.0
    Swamp:2 |   14496 |       0 |   0.0 |      24 |       0 |   0.0
    Swamp:3 |   10795 |    2437 |  18.4 |      19 |       5 |  20.8
    Swamp:4 |    9287 |   22508 |  70.8 |      15 |      29 |  65.9
   Spider:1 |    8257 |    2893 |  25.9 |      30 |       2 |   6.2
   Spider:2 |   16602 |    2192 |  11.7 |      37 |       1 |   2.6
   Spider:3 |   22459 |    7666 |  25.4 |      56 |      13 |  18.8
   Spider:4 |    9378 |   19414 |  67.4 |      22 |      43 |  66.2
      Orc:1 |    3390 |    1813 |  34.8 |      38 |       1 |   2.6
      Orc:2 |    3048 |   17088 |  84.9 |      40 |      35 |  46.7
   Vaults:1 |   15708 |   11387 |  42.0 |      26 |      14 |  35.0
   Vaults:2 |   29846 |   12826 |  30.1 |      44 |      13 |  22.8
   Vaults:3 |   35865 |   33891 |  48.6 |      64 |      49 |  43.4
   Vaults:4 |   23569 |   37333 |  61.3 |      39 |      53 |  57.6
   Depths:1 |   16583 |    6521 |  28.2 |      19 |       7 |  26.9
   Depths:2 |   32150 |   30645 |  48.8 |      40 |      27 |  40.3
   Depths:3 |   45904 |   17613 |  27.7 |      52 |      14 |  21.2
   Depths:4 |    1255 |    1925 |  60.5 |       1 |       2 |  66.7
    Abyss:2 |    5846 |       0 |   0.0 |      19 |       0 |   0.0
    Abyss:3 |   10321 |       0 |   0.0 |      20 |       0 |   0.0
      IceCv |    2620 |   14306 |  84.5 |      10 |      25 |  71.4
            +---------+---------+-------+---------+---------+-------
